 Dungeon Crawl Stone Soup version 0.20.1-1-g8b1a95d (webtiles) character file.

1057 Minstaer the Cleaver (level 8, -1/73 HPs)
             Began as a Hill Orc Fighter on Nov 4, 2017.
             Was a Follower of Beogh.
             Killed by divine providence
             ... invoked by an orc priest
              (16 damage)
             ... on level 6 of the Dungeon.
             The game lasted 00:27:30 (4960 turns).

Minstaer the Cleaver (Hill Orc Fighter)             Turns: 4960, Time: 00:27:31

Health: -1/73      AC:  7    Str: 20    XL:     8   Next: 26%
Magic:  8/8        EV: 10    Int:  6    God:    Beogh [*.....]
Gold:   319        SH:  0    Dex: 11    Spells: 7/7 levels left

rFire    . . .     SeeInvis .   a - +0 war axe
rCold    . . .     Gourm    .   (no shield)
rNeg     . . .     Faith    .   n - +0 ring mail
rPois    .         Spirit   .   F - +2 hat
rElec    .         Reflect  .   (no cloak)
rCorr    .         Harm     .   (no gloves)
MR       .....                  (no boots)
Stlth    +.........             x - amulet of regeneration
Regen    0.7/turn               l - -2 ring of intelligence (curse)
MPRegen  0.2/turn               B - +4 ring of slaying

@: no status effects
A: no striking features
a: Renounce Religion


You were on level 6 of the Dungeon.
You worshipped Beogh.
Beogh was aware of your devotion.
You were not hungry.

You visited 1 branch of the dungeon, and saw 6 of its levels.

You collected 319 gold pieces.

Inventory:

Hand Weapons
 a - a +0 war axe (weapon)
 t - a +0 hunting sling
 y - a +3 trident
 M - a +3 dagger of holy wrath
 N - a +0 fustibalus
 T - a cursed -1 halberd
Missiles
 h - 137 stones (quivered)
 k - 3 tomahawks
 p - 11 poisoned needles
 q - 85 arrows
 v - 79 bolts
 E - 4 needles of sleeping
 P - 15 sling bullets
Armour
 b - a +0 scale mail
 c - a +0 shield
 n - a +0 ring mail (worn)
 F - a +2 hat (worn)
 H - the -11 large shield of Monotheism {*Slow rF- Dex+9 SInv}
   (You found it on level 4 of the Dungeon)

   It affects your dexterity (+9).
   It makes you vulnerable to fire.
   It lets you see invisible.
   It may slow you when you take damage.
 K - a +1 hat
Jewellery
 l - a cursed -2 ring of intelligence (left hand)
 x - an amulet of regeneration (around neck)
 B - a +4 ring of slaying (right hand)
 I - an uncursed amulet of faith
 L - a +2 ring of intelligence
Scrolls
 e - a scroll of recharging {unknown}
 m - 4 scrolls of identify
 r - 3 scrolls of remove curse
 s - a scroll of noise {unknown}
 u - a scroll of blinking {unknown}
 w - 4 scrolls of teleportation
 G - 2 scrolls of immolation {unknown}
 J - a scroll of fog {unknown}
 R - a scroll of magic mapping {unknown}
 U - a scroll of fear {unknown}
Potions
 d - 3 potions of might
 g - 3 potions of heal wounds {unknown}
 i - a potion of flight
 j - 3 potions of curing {unknown}
 z - a potion of ambrosia {unknown}
 A - a potion of lignification
 C - a potion of resistance {unknown}
 D - a potion of mutation {unknown}
 O - a potion of berserk rage {unknown}
Comestibles
 f - 5 bread rations
 o - 4 meat rations
 Q - a royal jelly
 S - 11 chunks of flesh


   Skills:
 + Level 7.6 Fighting
 * Level 9.9 Axes
 - Level 3.6 Armour
 - Level 3.4 Shields


You had 7 spell levels left.
You didn't know any spells.

Dungeon Overview and Level Annotations

Branches:
Dungeon (6/15)
 Temple: D:4-7

Altars:
Gozag

Shops:
D:4 (   D:5 %


Message History

The orc warrior is severely wounded.
The orc warrior closely misses you.
The orc priest begins to cast a cantrip, but forgets the words!
You hit the orc warrior.
The orc warrior is almost dead.
The orc priest begins to cast a cantrip, but forgets the words!
The orc warrior hits you with a dire flail!
You hit the orc warrior.
You kill the orc warrior!
Beogh accepts your kill.
You hit the orc priest.
The orc priest is lightly wounded.
The orc priest calls down the wrath of Beogh upon you.
Beogh smites you!
* * * LOW HITPOINT WARNING * * *
The orc priest closely misses you.
The orc priest calls down the wrath of Beogh upon you.
Beogh smites you!
You die...
Beogh appreciates the orc priest's killing of a heretic priest.

.....................'...........
........###########.##.........##
........# #.##..........#
........+ #.##........#.#
........###########.###########.#
............)....................
.##.#..........o....############.
.##.....########...)######.# #.
..+.....# #@...'......# #.
###.....# #....######.#####.
#.....# #####....### #.#.....
#.....+ .#...'....'.# #.#.####
#.....##.#.###>...#.####.#.#
#........#.# #....#.#......#
#......###.# ###.##.#.##.#.#
######.# #.# #.##.#.##.######
#.###.# #.##<#.##.......


You could see an orc priest.

Vanquished Creatures
  An orc warrior (D:6)
  A sky beast (D:5)
  2 ogres (D:5)
  A bullfrog (D:6)
  A scorpion (D:6)
  A crimson imp (D:5)
  A hound (D:6)
  A jelly (D:6)
  An orc priest (D:5)
  An iguana (D:6)
  2 centaur skeletons
  3 orc wizards (D:5)
  3 worker ants
  A killer bee zombie (D:6)
  4 gnolls (D:6)
  8 adders
  3 worms
  A dart slug (D:1)
  6 leopard geckos
  7 orcs
  3 ball pythons
  9 bats
  8 giant cockroaches
  5 goblins
  8 hobgoblins
  7 jackals (D:3)
  A quokka (D:3)
  A ball python zombie (D:5)
  9 frilled lizards
  12 kobolds
  12 rats
124 creatures vanquished.

Vanquished Creatures (others)
  An ooze (D:3)
  A worm (D:3)
2 creatures vanquished.

Grand Total: 126 creatures vanquished

Notes
Turn   | Place    | Note
-------+----------+-------------------------------------------
     0 | D:1      | Minstaer the Hill Orc Fighter began the quest for the Orb.
     0 | D:1      | Reached XP level 1. HP: 19/19 MP: 1/1
    34 | D:1      | Reached XP level 2. HP: 20/27 MP: 2/2
   238 | D:1      | Reached skill level 3 in Axes
   603 | D:1      | Reached XP level 3. HP: 33/33 MP: 3/3
  1551 | D:2      | Reached XP level 4. HP: 40/41 MP: 4/4
  1560 | D:2      | Reached skill level 4 in Axes
  2188 | D:3      | Reached skill level 5 in Fighting
  2376 | D:3      | Found a faded altar of an unknown god.
  2428 | D:3      | Reached XP level 5. HP: 45/48 MP: 5/5
  2508 | D:3      | Became a worshipper of Beogh the Brigand
  2640 | D:4      | Reached skill level 5 in Axes
  2768 | D:4      | Found Ekhlaj's Antique Weapon Emporium.
  2971 | D:4      | Got a fine large shield
  3378 | D:5      | Entered Level 5 of the Dungeon
  3393 | D:5      | Identified the -11 large shield of Monotheism {*Slow rF- Dex+9 SInv} (You found it on level 4 of the Dungeon)
  3473 | D:5      | Noticed an ogre
  3478 | D:5      | Killed an ogre
  3478 | D:5      | Reached skill level 6 in Axes
  3478 | D:5      | Reached XP level 6. HP: 33/57 MP: 6/6
  3588 | D:5      | Found Wyoquock's Food Shop.
  3743 | D:5      | Noticed a sky beast
  3758 | D:5      | Killed a sky beast
  3758 | D:5      | Reached skill level 7 in Axes
  3786 | D:5      | Reached XP level 7. HP: 46/64 MP: 7/7
  3950 | D:5      | Found an opulent altar of Gozag.
  4040 | D:5      | Reached skill level 8 in Axes
  4055 | D:5      | Reached * piety under Beogh
  4437 | D:6      | Reached skill level 9 in Axes
  4493 | D:6      | Reached XP level 8. HP: 62/73 MP: 8/8
  4960 | D:6      | Killed from afar by an orc priest

Skill      XL: |  1  2  3  4  5  6  7 |
---------------+----------------------+-----
Axes           | 3 4 6 7 9 |  9.9
Fighting       | 4 5 6 7 |  7.6
Armour         | |  3.6
Shields        | |  3.4

Action                   |  1- 3 |  4- 6 |  7- 9 || total
-------------------------+-------+-------+-------++-------
Melee: War axe           |   116 |   173 |   103 ||   392
 Fire: Fustibalus        |       |       |     2 ||     2
Invok: Convert to Beogh  |       |     1 |       ||     1
  Use: Scroll            |       |     5 |     2 ||     7
  Eat: Chunk             |     2 |     6 |     3 ||    11
       Royal jelly       |       |     1 |       ||     1
Armor: Scale mail        |    13 |       |       ||    13
       Ring mail         |    38 |    78 |    32 ||   148
Dodge: Dodged            |    67 |   103 |    48 ||   218
